 Dungeon Crawl Stone Soup version 0.27.1-2-g3b301248ec (webtiles) character file.

Game seed: 5778625577358040500

42 rogsnak the Magician (level 3, -10/25 HPs)
             Began as a Gnoll Hedge Wizard on Sept 30, 2021.
             Mangled by Sigmund (13 damage)
             ... on level 2 of the Dungeon.
             The game lasted 00:03:55 (2150 turns).

rogsnak the Magician (Gnoll Hedge Wizard)           Turns: 2150, Time: 00:03:55

Health: -10/25     AC:  2    Str:  9    XL:     3   Next: 54%
Magic:  14/20      EV: 13    Int: 14    God:
Gold:   70         SH:  0    Dex: 11    Spells: 10/16 levels left

rFire    . . .     SeeInvis .   k - staff of poison
rCold    . . .     Faith    .   (no shield)
rNeg     . . .     Spirit   .   b - +0 robe
rPois    +         Reflect  .   c - +0 hat
rElec    .         Harm     .   (no cloak)
rCorr    .         Rampage  .   (no gloves)
Will     .....                  (no boots)
Stlth    +.........             (no amulet)
HPRegen  0.08/turn              i - ring of magical power
MPRegen  0.17/turn              (no ring)

@: confused
A: fangs 1, strong nose, distributed training
a: no special abilities


You were on level 2 of the Dungeon.
You visited 1 branch of the dungeon, and saw 2 of its levels.

You collected 70 gold pieces.

Inventory:

Hand Weapons
 n - a +1 trident of protection
Missiles
 j - 78 stones
Armour
 b - a +0 robe (worn)
 c - a +0 hat (worn)
 h - a +0 leather armour
Magical Staves
 a - a staff of earth
 k - a staff of poison (weapon)
Jewellery
 i - a ring of magical power (left hand)
Scrolls
 e - a scroll of identify {unknown}
 m - a scroll of magic mapping {unknown}
Potions
 d - a potion of curing {unknown}
 f - 2 potions of haste {unknown}
 l - a potion of attraction {unknown}


   Skills:
 + Level 0.8 Fighting
 + Level 0.8 Short Blades
 + Level 0.8 Long Blades
 + Level 0.8 Axes
 + Level 0.8 Maces & Flails
 + Level 0.8 Polearms
 + Level 0.8 Staves
 + Level 0.8 Slings
 + Level 0.8 Bows
 + Level 0.8 Crossbows
 + Level 0.8 Throwing
 + Level 0.8 Armour
 + Level 4.5 Dodging
 + Level 4.1 Stealth
 + Level 0.8 Shields
 + Level 0.8 Unarmed Combat
 + Level 7.1 Spellcasting
 + Level 2.1 Conjurations
 + Level 0.5 Hexes
 + Level 2.1 Summonings
 + Level 0.5 Necromancy
 + Level 2.1 Translocations
 + Level 0.5 Transmutations
 + Level 0.5 Fire Magic
 + Level 0.5 Ice Magic
 + Level 0.5 Air Magic
 + Level 0.5 Earth Magic
 + Level 0.5 Poison Magic
 + Level 1.0 Invocations
 + Level 0.8 Evocations


You had 10 spell levels left.
You knew the following spells:

 Your Spells              Type           Power      Damage    Failure   Level
a - Magic Dart            Conj           44%        1d5       6%          1
b - Blink                 Tloc           N/A        N/A       9%          2
c - Mephitic Cloud        Conj/Pois/Air  12%        N/A       26%         3

Your spell library contained the following spells:

 Spells                   Type           Power      Damage    Failure   Level
 Call Imp                 Summ           11%        N/A       9%          2
 Slow                     Hex            6%         N/A       17%         2
 Conjure Flame            Conj/Fire      8%         6-21      24%         3
 Stone Arrow              Conj/Erth      16%        3d8       24%         3
 Animate Armour           Summ/Erth      16%        N/A       63%         4
 Lehudib's Crystal Spear  Conj/Erth      4%         10d3      100%        8


Dungeon Overview and Level Annotations

Branches:
Dungeon (2/15)

Altars:

Annotations:
D:2 Sigmund


Innate Abilities, Weirdness & Mutations

You have very sharp teeth.
Your uncanny sense of smell can sniff out nearby items.
Your experience applies equally to all skills.


Message History

You feel a surge of power!
The ball explodes into a vile cloud!
The stinking cloud engulfs the orc priest but does no damage.
Sigmund the Dreaded comes into view.
He is wielding a +0 scythe.
The orc priest is engulfed in noxious fumes.
The orc priest appears confused.
Unknown command.
Unknown command.
Unknown command.
The orc priest is engulfed in noxious fumes.
The orc priest appears confused.
Sigmund points at you and mumbles some strange words.
You are confused.
You bump into the rock wall.
You bump into the rock wall.
Sigmund mumbles some strange words.
Sigmund flickers and vanishes!
Deactivating autopickup; reactivate with Ctrl-A.
Unknown command.
Your magical contamination has completely faded away.
You're too confused to move!
You feel less confused.
Casting: Mephitic Cloud (extremely dangerous; 26% risk of failure)
Confirm with . or Enter, or press ? or * to list all spells.
The spell is extremely dangerous to cast (26% risk of failure)!
Continue anyway?
Aiming: Mephitic Cloud (extremely dangerous; 26% risk of failure)
Press: ? - help, Shift-Dir - straight line You feel a surge of power!
The ball explodes into a vile cloud!
The stinking cloud engulfs something but does no damage.
You are confused.
Unknown command.
Unknown command.
A magic dart appears from out of thin air!
The magic dart hits you!
You hear some strange, mumbled words.
A puff of flame appears from out of thin air!
The puff of flame hits you!
* * * LOW HITPOINT WARNING * * *
You bump into the rock wall.
Something hits you!
Ouch! That really hurt!
You die...

#.# #.# #.# #.#
#.#######)###.# #.#
#........)).#.########### #.#
#########[#.#..>........# #.#
#.#.###.#######.#####.#
######.#.# #.# #......##.##
#......#.# #)# #......##...
##.######.# #.# #......#####
#.......#.###@######....##
#.......#.##......##....#
#.......#.##.{....##....#
##.######.##......##....# #.#
#.###.########..###### #.#
#.# #................. #.#
#.# #.#########.#####. #.#
#.###.# #....†..
#†######...#.#########..####.


There were no monsters in sight!

Vanquished Creatures
  An adder (D:2)
  2 dart slugs (D:1)
  2 orcs (D:2)
  2 ball pythons (D:2)
  An endoplasm (D:1)
  2 giant cockroaches
  4 goblins
  4 hobgoblins
  2 bats
  2 kobolds
  5 rats
27 creatures vanquished.

Notes
Turn   | Place    | Note
-------+----------+-------------------------------------------
     0 | D:1      | rogsnak the Gnoll Hedge Wizard began the quest for the Orb.
     0 | D:1      | Reached XP level 1. HP: 13/13 MP: 8/8
   213 | D:1      | Reached XP level 2. HP: 19/19 MP: 3/10
   633 | D:1      | Learned a level 2 spell: Blink
  1119 | D:2      | Reached XP level 3. HP: 12/25 MP: 11/11
  1303 | D:2      | Learned a level 3 spell: Mephitic Cloud
  1505 | D:2      | Reached skill level 1 in Invocations
  2131 | D:2      | Noticed Sigmund
  2150 | D:2      | Mangled by Sigmund

Illustrated notes

Levels and vault maps discovered:
D:1:      lemuel_arrival_rhombus, layout_loops_ring
D:2:      layout_basic, basic_altar, hangedman_decor_peaks_small, uniq_sigmund

Skill      XL: |  1  2  3 |
---------------+----------+-----
Conjurations   | 2 |  2.1
Summonings     | 2 |  2.1
Translocations | 2 |  2.1
Invocations    | 1 |  1.0
Fighting       | |  0.8
Short Blades   | |  0.8
Long Blades    | |  0.8
Axes           | |  0.8
Maces & Flails | |  0.8
Polearms       | |  0.8
Staves         | |  0.8
Slings         | |  0.8
Bows           | |  0.8
Crossbows      | |  0.8
Throwing       | |  0.8
Armour         | |  0.8
Dodging        | |  4.5
Stealth        | |  4.1
Shields        | |  0.8
Unarmed Combat | |  0.8
Spellcasting   | |  7.1
Hexes          | |  0.5
Necromancy     | |  0.5
Transmutations | |  0.5
Fire Magic     | |  0.5
Ice Magic      | |  0.5
Air Magic      | |  0.5
Earth Magic    | |  0.5
Poison Magic   | |  0.5
Evocations     | |  0.8

Action                   || total
-------------------------++-------
Melee: Staff             ||     5
       Dagger            ||     1
 Cast: Magic Dart        ||    69
       Mephitic Cloud    ||     4
 Stab: Confused          ||     1
Armor: Robe              ||     2
Dodge: Dodged            ||    11
